 Dungeon Crawl Stone Soup version 0.21-a0-633-g4c047d5 (webtiles) character file.

6748 reaverb the Grappler (level 10, -35/98 HPs)
             Began as a Troll Monk on Dec 29, 2017.
             Was a High Priest of Dithmenos.
             Annihilated by jlumianski's ghost (40 damage)
             ... on level 10 of the Dungeon.
             The game lasted 00:31:08 (7983 turns).

reaverb the Grappler (Troll Monk)                   Turns: 7983, Time: 00:31:08

Health: -35/98     AC:  8    Str: 21    XL:     10   Next: 75%
Magic:  12/12      EV: 13    Int:  6    God:    Dithmenos [*****.]
Gold:   411        SH:  0    Dex: 15    Spells: 9/9 levels left

rFire    . . .     SeeInvis .     - Unarmed
rCold    . . .     Gourm    +   (no shield)
rNeg     . . .     Faith    .   i - +2 robe
rPois    .         Spirit   .   q - +1 hat
rElec    .         Reflect  .   (no cloak)
rCorr    .         Harm     .   (gloves unavailable)
MR       .....                  (boots unavailable)
Stlth    +++.......             m - amulet of rage
HPRegen  0.66/turn              (no ring)
MPRegen  0.13/turn              (no ring)

@: wreathed by umbra
A: large, unfitting armour, claws 3, fast metabolism 3, gourmand, regeneration
1, shaggy fur 1, tough skin 2
a: Shadow Step, Shadow Form, Renounce Religion, Evoke Berserk Rage


You were on level 10 of the Dungeon.
You worshipped Dithmenos.
Dithmenos was extremely pleased with you.
You were not hungry.

You visited 2 branches of the dungeon, and saw 11 of its levels.
You also visited: Sewer.

You collected 529 gold pieces.
You spent 118 gold pieces at shops.

Notes
Turn   | Place    | Note
-------+----------+-------------------------------------------
     0 | D:1      | reaverb the Troll Monk began the quest for the Orb.
     0 | D:1      | Reached XP level 1. HP: 22/22 MP: 0/0
    95 | D:1      | Huge Dmg: 6 Dmg
    96 | D:1      | Huge Dmg: 5 Dmg
   129 | D:1      | Reached XP level 2. HP: 28/29 MP: 1/1
   243 | D:2      | Reached skill level 4 in Unarmed Combat
   416 | D:3      | Reached XP level 3. HP: 35/36 MP: 2/2
   513 | D:4      | Noticed Dordric's ghost (amateur HOFi)
   517 | D:4      | Huge Dmg: 6 Dmg
   542 | D:3      | Huge Dmg: 8 Dmg
   543 | D:3      | Huge Dmg: 4 Dmg
   543 | D:3      | Reached skill level 5 in Unarmed Combat
   543 | D:3      | Reached XP level 4. HP: 8/44 MP: 3/3
   546 | D:3      | Huge Dmg: 2 Dmg
   547 | D:3      | HP: 4/44 [poisoned by a worker ant]
   552 | D:3      | HP: 2/44 [poisoned by a worker ant]
   558 | D:3      | HP: 1/44 [poisoned by a worker ant]
   565 | D:3      | HP: 2/44 [poisoned by a worker ant]
   572 | D:3      | HP: 4/44 [poisoned by a worker ant]
   671 | D:3      | Huge Dmg: 11 Dmg
   738 | D:4      | Noticed a phantom
   742 | D:4      | Reached XP level 5. HP: 50/50 MP: 4/4
   751 | D:4      | Found a blossoming altar of Fedhas.
   765 | D:4      | Killed a phantom
   765 | D:4      | Reached skill level 6 in Unarmed Combat
   851 | D:4      | Found a staircase to the Ecumenical Temple.
   857 | Temple   | Entered the Ecumenical Temple
   991 | Temple   | Became a worshipper of Dithmenos the Shadowed
   991 | Temple   | Reached * piety under Dithmenos
   991 | Temple   | Reached ** piety under Dithmenos
  1042 | D:5      | Entered Level 5 of the Dungeon
  1256 | D:5      | Found a hide-covered altar of Uskayaw.
  1313 | D:5      | Found a glowing drain.
  1317 | Sewer    | Entered a sewer
  1404 | Sewer    | Reached skill level 7 in Unarmed Combat
  1404 | Sewer    | Reached XP level 6. HP: 52/59 MP: 5/5
  1436 | Sewer    | Found a white marble altar of Elyvilon.
  1554 | D:5      | Reached skill level 1 in Armour
  1597 | D:6      | Noticed an ice beast
  1629 | D:6      | Killed an ice beast
  1629 | D:6      | Reached XP level 7. HP: 67/67 MP: 6/6
  1645 | D:6      | Noticed a two-headed ogre
  1686 | D:5      | Huge Dmg: 21 Dmg
  1735 | D:5      | Huge Dmg: 17 Dmg
  1851 | D:4      | Huge Dmg: 9 Dmg
  2178 | D:7      | Noticed a spriggan baker
  2189 | D:7      | Huge Dmg: 8 Dmg
  2194 | D:7      | Killed a spriggan baker
  2298 | D:8      | Reached XP level 8. HP: 78/78 MP: 7/7
  2440 | D:8      | Reached *** piety under Dithmenos
  2640 | D:8      | Reached skill level 8 in Unarmed Combat
  2744 | D:9      | Noticed Grum
  2771 | D:8      | Huge Dmg: 13 Dmg
  2774 | D:8      | Huge Dmg: 7 Dmg
  3022 | D:9      | Found Cyptu's Antique Armour Boutique.
  3058 | D:9      | Reached skill level 9 in Unarmed Combat
  3069 | D:9      | Bought an embroidered robe for 118 gold pieces
  3147 | D:9      | Huge Dmg: 15 Dmg
  3152 | D:9      | Reached skill level 10 in Unarmed Combat
  3154 | D:9      | Huge Dmg: 21 Dmg
  3156 | D:9      | Reached XP level 9. HP: 28/84 MP: 8/8
  3437 | D:9      | Huge Dmg: 18 Dmg
  3443 | D:9      | Huge Dmg: 11 Dmg
  3579 | D:9      | Huge Dmg: 17 Dmg
  3632 | D:8      | Huge Dmg: 11 Dmg
  3634 | D:8      | Huge Dmg: 7 Dmg
  3640 | D:8      | Reached skill level 5 in Fighting
  3640 | D:8      | Reached skill level 5 in Dodging
  3833 | D:8      | Reached **** piety under Dithmenos
  4217 | D:6      | Noticed Menkaure
  4222 | D:6      | Killed Menkaure
  4561 | D:5      | Reached skill level 5 in Armour
  4868 | D:4      | Killed Dordric's ghost
  4868 | D:4      | Reached XP level 10. HP: 98/98 MP: 9/9
  4959 | D:3      | Found a white marble altar of Elyvilon.
  5019 | D:3      | Noticed Robin
  5106 | D:3      | Killed Robin
  5612 | D:2      | Reached ***** piety under Dithmenos
  6794 | D:7      | Reached skill level 1 in Invocations
  6874 | D:7      | Huge Dmg: 23 Dmg
  6880 | D:7      | Huge Dmg: 13 Dmg
  7108 | D:7      | Found an opulent altar of Gozag.
  7109 | D:7      | Found an ornate altar of the Wu Jian Council.
  7245 | D:9      | Killed Grum
  7729 | D:10     | Entered Level 10 of the Dungeon
  7739 | D:10     | Huge Dmg: 14 Dmg
  7751 | D:10     | Huge Dmg: 18 Dmg
  7866 | D:10     | Reached skill level 11 in Unarmed Combat
  7881 | D:10     | Noticed a two-headed ogre
  7890 | D:10     | Killed a two-headed ogre
  7900 | D:10     | Huge Dmg: 41 Dmg
  7904 | D:10     | Noticed jlumianski's ghost (novice TrWz)
  7981 | D:10     | Huge Dmg: 37 Dmg
  7981 | D:10     | HP: 4/98 [jlumianski's ghost (10)]
  7982 | D:10     | Huge Dmg: 57 Dmg
  7983 | D:10     | Annihilated by jlumianski's ghost

Inventory:

Missiles
 j - 2 throwing nets (quivered)
Armour
 i - a +2 robe (worn)
 q - a +1 hat (worn)
Jewellery
 m - an amulet of rage (around neck)
 v - a +2 amulet of reflection
Scrolls
 a - a scroll of enchant armour
 d - 9 scrolls of identify
 e - 4 scrolls of blinking
 g - a scroll of fog
 h - 2 scrolls of holy word
 p - a scroll of enchant weapon {unknown}
 t - 3 scrolls of teleportation
 u - a scroll of noise {unknown}
 y - a scroll of remove curse
Potions
 c - 4 potions of heal wounds
 f - a potion of mutation {!q}
 k - 3 potions of flight
 l - 4 potions of curing {unknown}
 n - a potion of cancellation {unknown}
 o - a potion of invisibility {unknown}
 r - a potion of lignification {unknown}
 s - a potion of haste {unknown}
 x - a potion of brilliance
Books
 w - a book of the Earth

   Spells                             Type                      Level
   a - Leda's Liquefaction            Hexes/Earth                  4
   b - Bolt of Magma                  Conjuration/Fire/Earth       5
   c - Statue Form                    Transmutation/Earth          6
   d - Iron Shot                      Conjuration/Earth            6
   e - Shatter                        Earth                        9
Comestibles
 b - 23 rations

Table legend:
 A = Turns spent in this place as a percentage of turns spent in the entire game.
 B = Non-inter-level travel turns spent in this place as a percentage of non-inter-level travel turns spent in the entire game.
 C = Inter-level travel turns spent in this place as a percentage of turns spent in this place.
 D = Turns resting spent in this place as a percentage of non-inter-level travel turns spent in this place.
 E = Turns spent auto-exploring this place as a percentage of non-inter-level travel turns spent in this place.
 F = Non-inter-level travel turns spent in this place divided by the number of levels of this place that you've seen.
                   A       B       C       D       E      F
               +-------+-------+-------+-------+-------+----------------------
         Total | 100.0 | 100.0 |   7.6 |  15.2 |  13.0 | 614.7
       Dungeon |  95.6 |  95.3 |   8.0 |  16.0 |  13.7 | 702.7
        Temple |   2.1 |   2.3 |   0.0 |   0.0 |   0.0 | 168.0
         Sewer |   2.3 |   2.5 |   0.0 |   0.0 |   0.0 | 181.0
               +-------+-------+-------+-------+-------+----------------------


   Skills:
 - Level 5.8 Fighting
 - Level 5.2 Armour
 - Level 5.8 Dodging
 - Level 1.0 Stealth
 + Level 11.6 Unarmed Combat
 - Level 4.0 Invocations


You had 9 spell levels left.
You didn't know any spells.

Dungeon Overview and Level Annotations

Branches:
Dungeon (10/15)            Temple (1/1) D:4
   Lair: D:8-11         Orc: D:9-12

Altars:
Ashenzari
Cheibriados
Dithmenos
Elyvilon
Fedhas
Gozag
Hepliaklqana
Kikubaaqudgha
Makhleb
Nemelex Xobeh
Okawaru
Qazlal
Ru
Sif Muna
Trog
Uskayaw
Vehumet
Wu Jian
Xom
Yredelemnul
Zin
The Shining One

Shops:
D:9 [

Annotations:
D:3 exclusion: downstairs
D:8 exclusion: downstairs
D:10 jlumianski's ghost, novice TrWz


Innate Abilities, Weirdness & Mutations

You are too large for most types of armour.
You have claws for hands.
Your metabolism is lightning-fast.
You like to eat raw meat.
Your natural rate of healing is unusually fast.
You are covered in fur. (AC +1)
You have very tough skin. (AC +2)


Message History

The orc barely misses you.
Things that are here:
a hand axe; a leather armour; an orc corpse Jlumianski's ghost casts a spell.
The orc throws a tomahawk.
The tomahawk misses you.
Items here: ( )) † a tomahawk; a giant club x2; a two-headed ogre corpse The orc throws a tomahawk.
The tomahawk closely misses you.
The quokka twitches its whiskers.
The orc throws a tomahawk.
The tomahawk hits you but does no damage.
You see here a tomahawk.
The orc throws a tomahawk.
The tomahawk closely misses you.
You see here 2 tomahawks.
There is a stone staircase leading up, spattered with blood here.
The orc misses you.
You climb upwards.
There is a stone staircase leading down here.
You're too hungry to rest.
Eating one of 6 chunks of flesh {@w0}.
You eat one of the 6 chunks of flesh {@w0}.
This raw flesh tastes great.
You are feeling very hungry.
Unknown command.
You start resting.
Eating one of 5 chunks of flesh {@w0}.
You eat one of the 5 chunks of flesh {@w0}.
This raw flesh tastes great.
Eating one of 4 chunks of flesh {@w0}.
You eat one of the 4 chunks of flesh {@w0}.
This raw flesh tastes great.
Eating one of 3 chunks of flesh {@w0}.
You eat one of the 3 chunks of flesh {@w0}.
This raw flesh tastes great.
Eating one of 2 chunks of flesh {@w0}.
You eat one of the 2 chunks of flesh {@w0}.
This raw flesh tastes great.
Eating a chunk of flesh {@w0}.
You eat the chunk of flesh {@w0}.
This raw flesh tastes great.
HP restored.
Unknown command.
Unknown command.
You feel yourself speed up.
You recover from your berserk rage.
You see here an arrow.
You see here a stone.
There is a stone staircase leading down here.
You climb downwards.
Level annotation: jlumianski's ghost, novice TrWz
Found 3 gold pieces.
There is a stone staircase leading up here.
Unknown command.
You see here 3 gold pieces.
You now have 411 gold pieces (gained 3).
You hear a distant blaring wail to the north.
You hear a shout!
The orc hits you but does no damage.
You completely miss the orc. The orc closely misses you.
Jlumianski's ghost turns its malevolent gaze towards you.
You claw the orc!
You kill the orc!
Dithmenos accepts your kill.
Jlumianski's ghost gestures wildly while chanting.
Things that are here:
a dagger; a scale mail The bat barely misses you.
You scratch the bat.
You kill the bat!
The bat's corpse disappears in a puff of smoke!
You barely miss the rat.
Your shadow closely misses the rat.
Jlumianski's ghost mumbles some strange words.
The rat closely misses you.
You mangle the rat!!
You kill the rat!
The rat's corpse disappears in a puff of smoke!
A jelly comes into view.
Jlumianski's ghost barely misses you.
You scratch jlumianski's ghost. You claw jlumianski's ghost!
Jlumianski's ghost is lightly damaged.
Your shadow hits jlumianski's ghost but does no damage.
You scratch jlumianski's ghost.
You claw jlumianski's ghost, but do no damage.
Jlumianski's ghost is moderately damaged.
Jlumianski's ghost hits you!!
Huge Dmg: -37%(-37hp) hp: 63%(61hp)
You barely miss jlumianski's ghost.
Jlumianski's ghost is moderately damaged.
Jlumianski's ghost hits you!!!
* * * LOW HITPOINT WARNING * * *
You emit a cloud of dark smoke.
* * * LOW HITPOINT WARNING * * *
You hear a shout!
Huge Dmg: -58%(-57hp) hp: 5%(4hp)
You claw jlumianski's ghost!
Jlumianski's ghost is moderately damaged.
Jlumianski's ghost completely misses you.
Unknown command.
You barely miss jlumianski's ghost.
Jlumianski's ghost is moderately damaged.
Jlumianski's ghost hits you!!!
You die...

#.. #.# #.# #.#
##########.#########
..rrW..)r(Wr..(<...#.#
##########.##..rb§.....
#.##.##W#.#.##
#.##†##@#.#
#######.##.##§#.#
...........##.#.# #
........#####)#.#.#
#####.#...........#
#...#####.<.### #####
#.### #.# #.#


You could see jlumianski's ghost, a river rat and a bat.

Table legend:
 A = Kills in this place as a percentage of kills in entire the game.
 B = Kills by you in this place as a percentage of kills by you in the entire game.
 C = Kills by friends in this place as a percentage of kills by friends in the entire game.
 D = Other kills in this place as a percentage of other kills in the entire game.
 E = Experience gained in this place as a percentage of experience gained in the entire game.
 F = Experience gained in this place divided by the number of levels of this place that you have seen.
                   A       B       C       D       E      F
               +-------+-------+-------+-------+-------+----------------------
         Total | 100.0 | 100.0 |   N/A |   N/A | 100.0 | 803.4
       Dungeon |  94.9 |  94.9 |   N/A |   N/A |  98.9 | 953.5
         Sewer |   5.1 |   5.1 |   N/A |   N/A |   1.1 | 106.0
               +-------+-------+-------+-------+-------+----------------------

Vanquished Creatures
  A two-headed ogre (D:10)
  The ghost of Dordric the Cleaver, an amateur HOFi (D:4)
  2 hippogriffs
  A spriggan (D:7)
  10 yaks
  A wyvern (D:9)
  Grum (D:9)
  A hungry ghost (D:9)
  Menkaure (D:6)
  2 ice beasts
  3 orc warriors
  A sky beast (D:8)
  A phantom (D:4)
  4 ogres
  A necrophage (D:10)
  2 centaurs
  3 wolves
  5 bullfrogs
  A big kobold (Sewer)
  A gnoll sergeant (D:7)
  A water moccasin zombie (D:8)
  2 scorpions
  8 wights
  4 killer bees (D:8)
  4 crimson imps
  2 hounds
  A jelly (D:7)
  An orc wizard (D:9)
  2 orc priests
  2 centaur skeletons
  3 iguanas
  4 worker ants
  A hound zombie (D:7)
  Robin (D:3)
  A worker ant zombie (D:4)
  6 adders
  8 gnolls
  A howler monkey skeleton (D:7)
  An ooze (D:2)
  2 adder skeletons
  5 worms
  3 dart slugs
  3 leopard geckos
  29 orcs
  5 giant cockroaches
  21 goblins
  8 hobgoblins
  17 jackals
  15 kobolds
  5 quokkas
  7 bats
  5 frilled lizards
  A leopard gecko skeleton (D:7)
  A quokka skeleton (D:7)
  13 rats
236 creatures vanquished.

Action                   |  1- 3 |  4- 6 |  7- 9 | 10-12 || total
-------------------------+-------+-------+-------+-------++-------
Melee: Unarmed           |    56 |    94 |   328 |   219 ||   697
       Punch             |     1 |     4 |    16 |    13 ||    34
 Abil: Evoke Berserk Rag |       |       |       |     1 ||     1
  Use: Scroll            |       |     7 |     4 |       ||    11
       Potion            |       |       |     4 |       ||     4
 Stab: Sleeping          |       |     1 |     2 |     8 ||    11
  Eat: Chunk             |     4 |    14 |    34 |    27 ||    79
Armor: Robe              |    19 |    16 |    51 |    51 ||   137
Dodge: Dodged            |    30 |    49 |   193 |   153 ||   425
